 Dungeon Crawl Stone Soup version 0.21.2 (webtiles) character file.

476 glosham the Shield-Bearer (level 7, -1/53 HPs)
             Began as a Formicid Berserker on Dec 18, 2018.
             Was a Believer of Trog.
             Slain by a jelly (2 damage)
             ... on level 4 of the Dungeon on Dec 25, 2018.
             The game lasted 00:41:33 (1800 turns).

glosham the Shield-Bearer (Formicid Berserker)      Turns: 1800, Time: 00:41:34

Health: -1/53      AC:  1    Str: 24    XL:     7   Next: 33%
Magic:  7/7        EV:  5    Int:  6    God:    Trog [**....]
Gold:   144        SH: 15    Dex: 10    Spells: 6/6 levels left

rFire    . . .     SeeInvis +   a - +0 hand axe
rCold    . . .     Gourm    .   Z - +0 large shield
rNeg     . . .     Faith    .   X - +0 chain mail
rPois    .         Spirit   .   (helmet unavailable)
rElec    .         Reflect  .   Y - scarf {repulsion}
rCorr    .         Harm     .   (no gloves)
MR       .....                  (no boots)
Stlth    ..........             (no amulet)
HPRegen  0.17/turn              (no ring)
MPRegen  0.10/turn              (no ring)

@: corroded, repel missiles
A: permanent stasis, dig shafts and tunnels, four strong arms, antennae 3,
mutation resistance 1, screaming 1
a: Dig, Shaft Self, Trog's Hand, Burn Spellbooks, Renounce Religion


You were on level 4 of the Dungeon.
You worshipped Trog.
Trog was pleased with you.
You were not hungry.

You visited 1 branch of the dungeon, and saw 4 of its levels.

You collected 144 gold pieces.

Inventory:

Hand Weapons
 a - a +0 hand axe (weapon)
 b - a +0 hunting sling
 c - a +0 shortbow
 d - a +0 scythe
Missiles
 e - 7 tomahawks
 f - 23 bolts
 j - 65 stones (quivered)
 k - 32 arrows
 l - 65 sling bullets
Armour
 X - a +0 chain mail (worn)
 Y - a scarf of repulsion (worn)
 Z - a +0 large shield (worn)
Wands
 g - a wand of digging (6)
Scrolls
 i - a scroll of remove curse
Potions
 n - a potion of heal wounds
Comestibles
 h - 4 rations
 m - a chunk of flesh


   Skills:
 + Level 3.9 Fighting
 + Level 5.3 Axes
 + Level 3.0 Armour
 - Level 1.7 Dodging
 + Level 5.6 Shields


You had 6 spell levels left.
You didn't know any spells.

Dungeon Overview and Level Annotations

Branches:
Dungeon (4/15)
 Temple: D:4-7

Altars:
Gozag
Nemelex Xobeh


Innate Abilities, Weirdness & Mutations

You cannot be hasted, slowed, berserked, paralysed or teleported.
You can dig through walls and to a lower floor.
Your four strong arms can wield two-handed weapons with a shield.
You have a pair of large antennae on your head. (SInv)
You are somewhat resistant to further mutation.
You occasionally shout uncontrollably at your foes.


Message History

Press: ? - help, Shift-Dir - straight line, f - jelly
Aim: a jelly You shoot a sling bullet.
The sling bullet hits the jelly but does no damage.
Firing (i - inventory. (,) - cycle):
l - 66 sling bullets (quivered)
Press: ? - help, Shift-Dir - straight line, f/p - jelly
Aim: a jelly You shoot a sling bullet.
The sling bullet barely misses the jelly.
a - a +0 hand axe (weapon)
You hit the jelly but do no damage.
Your hands burn!
The jelly hits you but does no damage.
You hit the jelly. The acid corrodes you!
Your hands burn!
The jelly is moderately wounded.
You block the jelly's attack.
You hit the jelly but do no damage.
Your hands burn!
The jelly is moderately wounded.
The jelly hits you but does no damage. You block the jelly's attack.
You hit the jelly but do no damage.
Your hands burn!
The jelly is moderately wounded.
You block the jelly's attack.
You hit the jelly but do no damage. The acid corrodes you!
Your hands burn!
The jelly is moderately wounded.
The jelly hits you but does no damage.
You hit the jelly.
Your hands burn!
The jelly is severely wounded.
You block the jelly's attack.
You hit the jelly.
Your hands burn!
The jelly is almost dead.
The jelly hits you.
You are splashed with acid!
The acid burns!
* * * LOW HITPOINT WARNING * * *
You hit the jelly but do no damage.
Your hands burn!
* * * LOW HITPOINT WARNING * * *
The jelly is almost dead.
You block the jelly's attack.
You hit the jelly but do no damage.
Your hands burn!
* * * LOW HITPOINT WARNING * * *
The jelly is almost dead.
The jelly hits you.
You die...

#......#...........
#......#...........
#.)....#...##.....#
#####'##...##.....#
#..........#......#
#.....##...##.....#
#.....##...##.....#
##....#....########
#@........#
......'J.........
......#..####^####
......#(.# ....
..... #(.# .).
..... #..# .. ....
#..# .... #..#


You could see a jelly.

Vanquished Creatures
  Sigmund (D:2)
  An ogre (D:4)
  A phantom (D:4)
  A hound (D:4)
  Jessica (D:2)
  An ooze (D:2)
  2 worms
  2 dart slugs (D:1)
  A leopard gecko (D:4)
  8 bats
  3 giant cockroaches
  7 goblins
  7 hobgoblins
  11 jackals
  A quokka (D:3)
  2 ball pythons (D:1)
  4 frilled lizards
  10 kobolds
  8 rats
72 creatures vanquished.

Notes
Turn   | Place    | Note
-------+----------+-------------------------------------------
     0 | D:1      | glosham the Formicid Berserker began the quest for the Orb.
     0 | D:1      | Reached XP level 1. HP: 18/18 MP: 1/1
     3 | D:1      | You fall through a shaft!
    35 | D:2      | Noticed Jessica
    40 | D:2      | Killed Jessica
    40 | D:2      | Reached skill level 4 in Axes
    40 | D:2      | Reached XP level 2. HP: 19/24 MP: 2/2
    40 | D:2      | Reached XP level 3. HP: 23/29 MP: 3/3
   232 | D:1      | Reached ** piety under Trog
   270 | D:1      | Reached XP level 4. HP: 33/35 MP: 4/4
   560 | D:1      | Reached skill level 5 in Axes
   758 | D:1      | You fall through a shaft!
   876 | D:2      | Reached skill level 1 in Shields
   891 | D:2      | Noticed Sigmund
   897 | D:2      | Gained mutation: You occasionally shout uncontrollably at your foes. [potion of mutation]
   897 | D:2      | Gained mutation: You are somewhat resistant to further mutation. [potion of mutation]
   919 | D:2      | Killed Sigmund
   919 | D:2      | Reached skill level 5 in Shields
   919 | D:2      | Reached XP level 5. HP: 19/41 MP: 5/5
   919 | D:2      | Reached XP level 6. HP: 22/47 MP: 6/6
   967 | D:1      | You fall through a shaft!
  1646 | D:4      | Found a sparkling altar of Nemelex Xobeh.
  1647 | D:4      | Found an opulent altar of Gozag.
  1656 | D:4      | Noticed an ogre
  1666 | D:4      | Killed an ogre
  1666 | D:4      | Reached XP level 7. HP: 21/53 MP: 7/7
  1697 | D:4      | Reached skill level 3 in Armour
  1800 | D:4      | HP: 1/53 [acid (5)]
  1800 | D:4      | Slain by a jelly

Skill      XL: |  1  2  3  4  5  6  7 |
---------------+----------------------+-----
Axes           | 4 5 |  5.3
Shields        | 5 |  5.6
Armour         | 3 |  3.0
Fighting       | |  3.9
Dodging        | |  1.7

Action                   |  1- 3 |  4- 6 |  7- 9 || total
-------------------------+-------+-------+-------++-------
Melee: Hand axe          |    65 |   167 |    40 ||   272
 Fire: Hunting sling     |       |       |     2 ||     2
Invok: Trog's Hand       |       |     1 |       ||     1
 Abil: Shaft Self        |     1 |     2 |       ||     3
       Dig               |       |    23 |       ||    23
  Use: Scroll            |       |     4 |       ||     4
       Potion            |       |     2 |       ||     2
  Eat: Chunk             |       |     8 |       ||     8
Armor: Animal skin       |     7 |       |       ||     7
       Chain mail        |    18 |    84 |    10 ||   112
Dodge: Dodged            |    35 |    35 |     4 ||    74
Block: Large shield      |       |   100 |    24 ||   124

Table legend:
 A = Turns spent in this place as a percentage of turns spent in the entire game.
 B = Non-inter-level travel turns spent in this place as a percentage of non-inter-level travel turns spent in the entire game.
 C = Inter-level travel turns spent in this place as a percentage of turns spent in this place.
 D = Turns resting spent in this place as a percentage of non-inter-level travel turns spent in this place.
 E = Turns spent auto-exploring this place as a percentage of non-inter-level travel turns spent in this place.
 F = Non-inter-level travel turns spent in this place divided by the number of levels of this place that you've seen.
                   A       B       C       D       E      F
               +-------+-------+-------+-------+-------+----------------------
         Total | 100.0 | 100.0 |   0.8 |   0.0 |   0.0 | 446.5
       Dungeon | 100.0 | 100.0 |   0.8 |   0.0 |   0.0 | 446.5
               +-------+-------+-------+-------+-------+----------------------

Table legend:
 A = Kills in this place as a percentage of kills in entire the game.
 B = Kills by you in this place as a percentage of kills by you in the entire game.
 C = Kills by friends in this place as a percentage of kills by friends in the entire game.
 D = Other kills in this place as a percentage of other kills in the entire game.
 E = Experience gained in this place as a percentage of experience gained in the entire game.
 F = Experience gained in this place divided by the number of levels of this place that you have seen.
                   A       B       C       D       E      F
               +-------+-------+-------+-------+-------+----------------------
         Total | 100.0 | 100.0 |   N/A |   N/A | 100.0 | 170.2
       Dungeon | 100.0 | 100.0 |   N/A |   N/A | 100.0 | 170.2
               +-------+-------+-------+-------+-------+----------------------

Vault maps used:
D:1:      minmay_arrival_nine_rooms, minmay_heptomino_d4
D:2:      uniq_jessica, uniq_sigmund
D:3:      serial_forest, infiniplex_forest_lined_room_3,
          infiniplex_forest_clump_double, infiniplex_forest_side_room,
          infiniplex_forest_clump_double, infiniplex_forest_corner_2,
          infiniplex_forest_lined_4_way, first_ration
D:4:      grunt_temple_overflow_opulence, temple_green, lemuel_tele_altar
